[Event "*** Titled Tuesday Blitz"]
[Site "Chess.com"]
[Date "2019.06.04"]
[Round "4"]
[White "LastHeroJr"]
[Black "NateSolon"]
[Result "1-0"]
[WhiteElo "2513"]
[BlackElo "2482"]
[TimeControl "180+2"]
[EndTime "13:49:34 PDT"]
[Termination "LastHeroJr won by resignation"]

1. e4 e5 2. Nf3 d6 3. d4 exd4 4.
Nxd4 Nf6 5. Nc3 Be7 6. g3 O-O 7. Bg2 Re8 8. O-O c6 9. h3 Bf8 10. Re1 Nbd7 11. Bf4 Ne5 12. Qe2 Ng6 13. Be3 d5 14.
exd5 cxd5 15. a3 h6 16. Rad1 Ne5 17. Ndb5 a6 18. Nxd5 axb5 19. Bb6 Qd6 20. Bc7 Qe6 21. Bxe5 Nxd5 22. Rxd5 f6 23. Rd2 Kh8 24. Bf4 Qd5 1-0

[Event "*** Titled Tuesday Blitz"]
[Site "Chess.com"]
[Date "2019.06.04"]
[Round "4"]
[White "DenishevM"]
[Black "TonRicher"]
[Result "0-1"]
[WhiteElo "2467"]
[BlackElo "2365"]
[TimeControl "180+2"]
[EndTime "13:49:41 PDT"]
[Termination "TonRicher won by resignation"]

1. d4 Nf6 2. Nf3 d5 3. c4 e6 4. Nc3 dxc4 5. e4 b5 6. a3 a6 7.
g3 Bb7 8. Qc2 c5 9. Be3 cxd4 10.
Nxd4 Ng4 11. O-O-O Nxe3 12. fxe3 Qb6 13. Bg2 Nd7 14.
e5 Nxe5 15. Bxb7 Qxb7 16. Ne4 Be7 17. Kb1 O-O 18. h4 Nd3 19. Ng5 g6 20. Rdf1 e5 21.
Ndf3 h6 22. Nh3 Qe4 23. Ka2 b4 24. Qe2 bxa3 25. Nf2 Nxf2 26. Rxf2 axb2 27. Ng5 Qxh1 0-1

[Event "*** Titled Tuesday Blitz"]
[Site "Chess.com"]
[Date "2019.06.04"]
[Round "4"]
[White "Alexander_Moskalenko"]
[Black "Cayse"]
[Result "1-0"]
[WhiteElo "2894"]
[BlackElo "2634"]
[TimeControl "180+2"]
[EndTime "13:49:46 PDT"]
[Termination "Alexander_Moskalenko won by resignation"]

1. e4 e5 2. Nf3 Nc6 3. Bb5 a6 4. Bxc6 dxc6 5. O-O Bg4 6. h3 h5 7. d3 Qf6 8. Nbd2 g5 9. Nc4 Bxf3 10. Qxf3 Qxf3 11.
gxf3 f6 12. h4 gxh4 13. f4 b5 14. Na5 Bd6 15. f5 Kd7 16. Kh2 Ne7 17. Kh3 Rag8 18.
Be3 c5 19. a4 Rg4 20. axb5 axb5 21. Nb7 Nc6 22. Nxc5+ Bxc5 23. Bxc5 Nd4 24. Bxd4 exd4 25.
Ra6 Rf8 26. Re6 Rf4 27. b4 Rf7 28. f3 Rf8 29. Rg1 Rxf3+ 30. Kxh4 Rf4+ 31. Kh3 Rf3+ 32. Rg3 Rxg3+ 33. Kxg3 c5 34. bxc5 Rc8 35. c6+ Rxc6 36.
Rxc6 Kxc6 37. Kh4 Kc5 38. Kxh5 Kb4 39. e5 fxe5 40. f6 Kc3 41. f7 1-0

[Event "*** Titled Tuesday Blitz"]
[Site "Chess.com"]
[Date "2019.06.04"]
[Round "4"]
[White "catalin009"]
[Black "ehrenfeld"]
[Result "1-0"]
[WhiteElo "2495"]
[BlackElo "2499"]
[TimeControl "180+2"]
[EndTime "13:50:00 PDT"]
[Termination "catalin009 won by resignation"]

1. Nf3 d6 2. g3 e5 3. Bg2 f5 4. O-O Nf6 5. d4 e4 6. Ne1 d5 7.
c4 c6 8. Nc3 dxc4 9. f3 exf3 10. Nxf3 Be7 11. Ne5 Be6 12. e4 fxe4 13. Nxe4 O-O 14.
Ng5 Bd5 15. Bh3 Qd6 16. Qc2 Be4 17. Qd1 Bd5 18. Qc2 Be4 19. Qxc4+ Bd5 20. Qc2 Be4 21.
Qc4+ Bd5 22. Qd3 h6 23. Rxf6 1-0

[Event "*** Titled Tuesday Blitz"]
[Site "Chess.com"]
[Date "2019.06.04"]
[Round "4"]
[White "Rish_97"]
[Black "raviteja81293"]
[Result "0-1"]
[WhiteElo "2441"]
[BlackElo "2577"]
[TimeControl "180+2"]
[EndTime "13:50:01 PDT"]
[Termination "raviteja81293 won by resignation"]

1. e4 c6 2. Nf3 d5 3. Nc3 dxe4 4. Nxe4 Nf6 5. Qe2 Nxe4 6. Qxe4 Be6 7. b3 Nd7 8. Bb2 Nf6 9. Qh4 Bf5 10. O-O-O e6 11.
Nd4 Bg6 12. Qg3 Bd6 13. Qe3 O-O 14. h4 Qa5 15. Kb1 Nd5 16. Qe1 e5 17. h5 exd4 18.
hxg6 Rae8 19. gxf7+ Kxf7 20. Be2 d3 21. cxd3 Nb4 22.
Rxh7 Qxa2+ 23. Kc1 Be5 24. d4 Bxd4 25. Bh5+ Kg8 26. Bf7+ Kxf7 0-1

[Event "*** Titled Tuesday Blitz"]
[Site "Chess.com"]
[Date "2019.06.04"]
[Round "4"]
[White "SamCopeland"]
[Black "ZenBull"]
[Result "1-0"]
[WhiteElo "2096"]
[BlackElo "2096"]
[TimeControl "180+2"]
[EndTime "13:50:05 PDT"]
[Termination "SamCopeland won by resignation"]

1. e4 d6 2. d4 Nf6 3. Nc3 Nbd7 4. g4 g6 5. g5 Nh5 6. Be2 Ng7 7. Be3 e5 8. Nf3 Be7 9. h4 c6 10. Qd2 Qc7 11.
O-O-O Nb6 12. dxe5 dxe5 13. Nxe5 Be6 14. f4 f6 15. Ng4 Bxg4 16. Bxg4 Nc4 17. Qe2 Nxe3 18. Qxe3 Rd8 19. Rxd8+ Bxd8 20. Rd1 f5 21. exf5+ Kf8 22. f6 Nf5 23. Bxf5 gxf5 24. Qe6 Qxf4+ 25. Kb1 Qc7 26. Rd7 1-0

[Event "*** Titled Tuesday Blitz"]
[Site "Chess.com"]
[Date "2019.06.04"]
[Round "4"]
[White "pedro_gines"]
[Black "Caterpiller35"]
[Result "0-1"]
[WhiteElo "2383"]
[BlackElo "2420"]
[TimeControl "180+2"]
[EndTime "13:50:06 PDT"]
[Termination "Caterpiller35 won by checkmate"]

1. d4 Nf6 2. c4 e6 3. Nf3 Bb4+ 4. Nbd2 O-O 5. a3 Bxd2+ 6. Qxd2 b6 7. e3 Bb7 8. Be2 a5 9. O-O a4 10. Qc2 d6 11. Bd2 Ne4 12. Be1 f5 13. Nd2 Nd7 14.
Nb1 Qg5 15. Bf3 Rf6 16. Nc3 Rh6 17. d5 Qh4 18. h3 Ng5 19. Bd1 Nxh3+ 20. gxh3 Qxh3 21.
f4 Qh1+ 22. Kf2 Qh2+ 23. Kf3 Rh3+ 24. Bg3 Rxg3# 0-1

[Event "*** Titled Tuesday Blitz"]
[Site "Chess.com"]
[Date "2019.06.04"]
[Round "4"]
[White "Alopekos"]
[Black "x-6099009240"]
[Result "1-0"]
[WhiteElo "2504"]
[BlackElo "2339"]
[TimeControl "180+2"]
[EndTime "13:50:10 PDT"]
[Termination "Alopekos won by checkmate"]

1. e4 c5 2. Nf3 d6 3. d4 cxd4 4.
Nxd4 Nf6 5. Nc3 a6 6. Be3 e5 7. Nb3 Be6 8. f4 h5 9. f5 Bd7 10. Qf3 Bc6 11. O-O-O Nbd7 12. Kb1 b5 13. Bg5 Be7 14.
Bd3 b4 15. Nd5 Bxd5 16. exd5 a5 17. Nd2 Qc7 18. Bb5 Kf8 19. Rhe1 a4 20. Bc6 Ra5 21. Qd3 Nc5 22. Qc4 Qb6 23. Be3 a3 24. Nb3 Nfe4 25.
Qxe4 axb2 26. Bxc5 dxc5 27. Nxa5 Qxa5 28. Qxe5 Rh6 29.
Qb8+ Bd8 30. Re8# 1-0

[Event "*** Titled Tuesday Blitz"]
[Site "Chess.com"]
[Date "2019.06.04"]
[Round "4"]
[White "MasterKroket"]
[Black "TastyFrenchFries"]
[Result "1/2-1/2"]
[WhiteElo "2357"]
[BlackElo "2458"]
[TimeControl "180+2"]
[EndTime "13:50:11 PDT"]
[Termination "Game drawn by agreement"]

1. d4 Nf6 2. c4 c5 3. d5 e5 4.
Nc3 d6 5. e4 Be7 6. Be2 O-O 7.
a3 Ne8 8. Bg4 Bxg4 9. Qxg4 Nd7 10. Be3 a6 11. Nf3 g6 12. O-O Kh8 13. Bh6 Ng7 14.
Nd2 Nf6 15. Qh3 Ng8 16. Be3 f5 17. f3 f4 18. Bf2 Qc8 19. Qxc8 Rfxc8 20. b4 b6 21.
bxc5 bxc5 22. Rab1 Rab8 23. Na4 Bd8 24. Rxb8 Rxb8 25.
Rb1 Rxb1+ 26. Nxb1 Nf6 27. Nd2 Nd7 28. Nb3 Ne8 29. Be1 Kg7 30. Ba5 Bxa5 31. Nxa5 Kf7 32. Nc6 Nc7 33. Nd8+ Ke7 34. Nb7 Na8 35. Kf2 Nab6 36.
Nb2 g5 37. Ke2 h5 38. h3 Nf6 39. Na5 Kd7 40. Nb3 Ne8 41. a4 Kc7 42. a5 Nd7 43.
Kf2 Nef6 44. Nd3 1/2-1/2

[Event "*** Titled Tuesday Blitz"]
[Site "Chess.com"]
[Date "2019.06.04"]
[Round "4"]
[White "Quiet_Desperation"]
[Black "Firegrizzly"]
[Result "0-1"]
[WhiteElo "2438"]
[BlackElo "2679"]
[TimeControl "180+2"]
[EndTime "13:50:13 PDT"]
[Termination "Firegrizzly won by resignation"]

1. e4 c5 2. Nf3 Nc6 3. d4 cxd4 4.
Nxd4 Nf6 5. Nc3 d6 6. Bg5 e6 7. f4 a6 8. Nb3 Be7 9. Bd3 b5 10. Qe2 Qc7 11. O-O-O b4 12. Na4 h6 13. Bh4 Bd7 14. e5 dxe5 15. Nac5 Bc8 16. fxe5 Qxe5 17. Qf3 Qc7 18. Bxf6 Bxf6 19. Kb1 Ra7 20. Ne4 Be7 21.
Rhf1 O-O 22. g4 Ne5 23. Qe3 Nxd3 24. Rxd3 a5 25. g5 Ba6 26. gxh6 Bxd3 27. cxd3 g6 28.
Nf6+ Bxf6 29. Rxf6 Rc8 30. Rf2 Ra6 31. h4 a4 32. Nd4 Rd6 33. Nb5 Rxd3 34. Qg5 Rd1+ 0-1

[Event "*** Titled Tuesday Blitz"]
[Site "Chess.com"]
[Date "2019.06.04"]
[Round "4"]
[White "Semen_Khanin"]
[Black "albi1999"]
[Result "1-0"]
[WhiteElo "2698"]
[BlackElo "2451"]
[TimeControl "180+2"]
[EndTime "13:50:19 PDT"]
[Termination "Semen_Khanin won by resignation"]

1. c4 e5 2. Nc3 Nf6 3. g3 Bb4 4.
Bg2 O-O 5. e4 Bxc3 6. bxc3 c6 7.
Ne2 d5 8. exd5 cxd5 9. cxd5 Nxd5 10. O-O Nc6 11. Rb1 Nb6 12. d4 Bf5 13. Rb5 Re8 14. d5 Ne7 15. d6 Nc6 16. Be3 Re6 17. Bc5 Qd7 18. a4 Nc4 19. Bd5 N4a5 20. Ba3 Rh6 21.
Qd2 Be6 22. c4 Bxd5 23. cxd5 Qh3 24. Qxh6 Qxh6 25. dxc6 Nxc6 26. Rxb7 Qd2 27. Rc7 Qxe2 28. Rxc6 Qf3 29. Rfc1 h5 30. d7 Rd8 31. Rc8 1-0

[Event "*** Titled Tuesday Blitz"]
[Site "Chess.com"]
[Date "2019.06.04"]
[Round "4"]
[White "Rhinos1"]
[Black "ethylalcohol"]
[Result "1-0"]
[WhiteElo "2087"]
[BlackElo "2038"]
[TimeControl "180+2"]
[EndTime "13:50:20 PDT"]
[Termination "Rhinos1 won on time"]

1. e4 e6 2. d3 d5 3. Nd2 Nf6 4. g3 c5 5. Bg2 Nc6 6. Ngf3 Be7 7. O-O O-O 8. Qe2 Qc7 9. c3 dxe4 10. dxe4 e5 11.
a4 Bg4 12. h3 Bh5 13. Nc4 Rad8 14.
Be3 b6 15. Bg5 h6 16. Bxf6 Bxf6 17. Ne3 Ne7 18. Rad1 Bg6 19. Nh2 Qb7 20. Nd5 Nxd5 21. exd5 Rd6 22. Ng4 Re8 23. f4 Qd7 24. Nxe5 1-0

[Event "*** Titled Tuesday Blitz"]
[Site "Chess.com"]
[Date "2019.06.04"]
[Round "4"]
[White "marianokar"]
[Black "vugarrasulov"]
[Result "0-1"]
[WhiteElo "2424"]
[BlackElo "2766"]
[TimeControl "180+2"]
[EndTime "13:50:26 PDT"]
[Termination "vugarrasulov won by checkmate"]

1. d4 d5 2. Nf3 Nf6 3. c4 dxc4 4. Qa4+ c6 5. Qxc4 b5 6. Qc2 Bb7 7. e4 e6 8. Bd3 Be7 9. O-O Nbd7 10. a4 a6 11. Rd1 h6 12. Nc3 Rc8 13. e5 Nd5 14.
Nxd5 exd5 15. e6 fxe6 16. Bg6+ Kf8 17. Qe2 Bf6 18. Bf4 Qe7 19. Ne5 Bxe5 20. dxe5 Kg8 21. axb5 cxb5 22. Rac1 Rc4 23. Bg3 Nc5 24. h4 Bc6 25. Qe3 Be8 26. Bxe8 Qxe8 27. Rxc4 bxc4 28. Qxc5 Kh7 29. Ra1 Qg6 30. Rxa6 Rb8 31. Rb6 Ra8 32.
Qd6 Ra1+ 33. Kh2 Qb1 34. Bf4 Qh1+ 35. Kg3 Rg1 36. Kf3 Qxg2+ 37. Ke2 Qg4+ 38. Ke3 Re1+ 39. Kd2 Re2+ 40. Kc3 Qxf4 41. Qxe6 Qd2# 0-1

[Event "*** Titled Tuesday Blitz"]
[Site "Chess.com"]
[Date "2019.06.04"]
[Round "4"]
[White "jacky72"]
[Black "ristingho"]
[Result "1-0"]
[WhiteElo "2717"]
[BlackElo "2506"]
[TimeControl "180+2"]
[EndTime "13:50:27 PDT"]
[Termination "jacky72 won by resignation"]

1. d4 Nf6 2. c4 e6 3. Nf3 d5 4.
Nc3 dxc4 5. e3 a6 6. Bxc4 b5 7. Bb3 Bb7 8. O-O c5 9. e4 cxd4 10. Nxd4 Bc5 11. Nf3 Qxd1 12. Rxd1 Nbd7 13. Bf4 Nxe4 14.
Nxe4 Bxe4 15. Rac1 Bb6 16. Ng5 Bb7 17. Nxf7 O-O 18. Rxd7 Bd5 19. Bxd5 exd5 20. Rc6 Bd4 21. Rcc7 Rae8 22. g3 Re1+ 23. Kg2 Re2 24. Kh3 Rxf2 25.
Ne5 Bxe5 26. Bxe5 R2f7 27. Kg4 g6 28. Rxf7 Rxf7 29. Rxf7 Kxf7 30. Kf4 Ke6 31. Bh8 a5 32. b3 a4 33. bxa4 bxa4 34. a3 Kd6 35. Bd4 Kc6 36. Ke5 h6 37. Be3 d4 38. Kxd4 h5 1-0

[Event "*** Titled Tuesday Blitz"]
[Site "Chess.com"]
[Date "2019.06.04"]
[Round "4"]
[White "Hikaru"]
[Black "mitrabhaa"]
[Result "1-0"]
[WhiteElo "3200"]
[BlackElo "2706"]
[TimeControl "180+2"]
[EndTime "13:50:32 PDT"]
[Termination "Hikaru won by resignation"]

1. Nf3 Nf6 2. b3 b6 3. Bb2 Bb7 4. g3 g6 5. Bg2 Bg7 6. d4 O-O 7. c4 Ne4 8. Qc2 e6 9. Nfd2 Nd6 10. Bxb7 Nxb7 11. O-O d6 12. e3 Nd7 13. Nc3 c6 14.
Rad1 Re8 15. Nf3 Qf6 16. Kg2 Rac8 17. e4 h6 18. Rfe1 Qd8 19. e5 d5 20. h4 h5 21.
Bc1 Nf8 22. Bg5 Qd7 23. Qd2 Na5 24. Qf4 Nh7 25. c5 bxc5 26. dxc5 Nb7 27. Ne4 Nxg5 28. hxg5 Qc7 29. Nf6+ Kf8 30. b4 Red8 31. Nd4 Ke7 32. Rd3 a5 33. a3 Ra8 34. Rf3 Rf8 35. Nh7 axb4 36. axb4 Nd8 37. Nxf8 Kxf8 38. g4 hxg4 39. Qxg4 Ke7 40. Qf4 Ra4 41. Rb3 Qa7 42. Ree3 Ra1 43.
b5 cxb5 44. Rxb5 Qa2 45. Rf3 Qa6 46. c6 Qa4 47. c7 Qc4 48. Nf5+ 1-0

[Event "*** Titled Tuesday Blitz"]
[Site "Chess.com"]
[Date "2019.06.04"]
[Round "4"]
[White "Ruchess27"]
[Black "Shant_Sargsyan"]
[Result "0-1"]
[WhiteElo "2263"]
[BlackElo "3031"]
[TimeControl "180+2"]
[EndTime "13:50:32 PDT"]
[Termination "Shant_Sargsyan won by resignation"]

1. d4 Nf6 2. g3 d5 3. Bg2 c5 4. Nf3 cxd4 5. O-O h6 6. b3 h5 7.
Bb2 h4 8. Bxd4 Nc6 9. Nxh4 e5 10. Be3 Be6 11. Bg5 Rh5 12. Bxf6 Qxf6 13. e4 Rxh4 14.
gxh4 dxe4 15. Nc3 Qxh4 16. Nxe4 Rd8 17. Qe1 Nd4 18. f3 Qf4 19. Rd1 Rc8 20. c3 Nf5 21. Qe2 a6 22. Qf2 Ne3 23. Kh1 Be7 24. Rfe1 Nxd1 25.
Rxd1 f5 26. Ng3 Rd8 27. Rxd8+ Bxd8 28. c4 g6 29. Bf1 e4 30. Bg2 e3 31. Qe2 Qd4 32. Nf1 f4 0-1

[Event "*** Titled Tuesday Blitz"]
[Site "Chess.com"]
[Date "2019.06.04"]
[Round "4"]
[White "Jbd735"]
[Black "Blitzstream"]
[Result "0-1"]
[WhiteElo "2428"]
[BlackElo "2678"]
[TimeControl "180+2"]
[EndTime "13:50:32 PDT"]
[Termination "Blitzstream won by resignation"]

1. d4 d5 2. Nf3 Nf6 3. Bf4 c5 4.
c3 Nc6 5. e3 Qb6 6. Qb3 c4 7.
Qxb6 axb6 8. Na3 Ra5 9. Bc7 Ra6 10. Be2 Bf5 11. Nh4 Bd7 12. O-O Ne4 13. Nc2 e6 14.
f3 Nd6 15. g3 Nb5 16. Bf4 f6 17. a4 Nba7 18. Bc7 Na5 19. Nb4 Bxb4 20. cxb4 Nb3 21. b5 Nxb5 22. axb5 Rxa1 23. Rxa1 Nxa1 24. Bxb6 Bxb5 25.
Ng2 Nb3 26. e4 Kd7 27. Ne3 Kc6 28. Bc5 Nxc5 29. exd5+ exd5 30. dxc5 Kxc5 0-1

[Event "*** Titled Tuesday Blitz"]
[Site "Chess.com"]
[Date "2019.06.04"]
[Round "4"]
[White "DrMelekess"]
[Black "kleinebeer98"]
[Result "0-1"]
[WhiteElo "2732"]
[BlackElo "2708"]
[TimeControl "180+2"]
[EndTime "13:50:40 PDT"]
[Termination "kleinebeer98 won by resignation"]

1. d4 d5 2. Nf3 Nc6 3. c4 Bg4 4. cxd5 Bxf3 5. gxf3 Qxd5 6. e3 e5 7. Nc3 Bb4 8. Bd2 Bxc3 9. bxc3 Qd6 10. Rb1 O-O-O 11. Qb3 b6 12. Qxf7 Nf6 13. Qc4 Kb8 14. Be2 Rhf8 15. Kd1 g5 16. h3 h5 17. Rg1 g4 18.
hxg4 hxg4 19. Kc2 Nd7 20. Rxg4 exd4 21. Rxd4 Nxd4+ 22. cxd4 Ne5 23. Qb4 Qg6+ 24. Kb2 Nxf3 25. Bc3 Ng1 26. Ba6 Rxf2+ 27. Ka1 Ne2 28. Bb2 Rh8 29.
d5 Qxb1+ 30. Kxb1 Rh1+ 31. Bc1 Rxc1+ 32. Kb2 Nc3+ 33. Ka3 Rxa2+ 34. Kb3 Rb1+ 0-1

[Event "*** Titled Tuesday Blitz"]
[Site "Chess.com"]
[Date "2019.06.04"]
[Round "4"]
[White "armago"]
[Black "PNEPaul"]
[Result "1-0"]
[WhiteElo "2080"]
[BlackElo "1815"]
[TimeControl "180+2"]
[EndTime "13:50:40 PDT"]
[Termination "armago won by resignation"]

1. d4 Nf6 2. c4 c5 3. d5 Ne4 4. Qc2 Qa5+ 5. Nd2 f5 6. f3 Nd6 7. e3 g6 8. Bd3 Bg7 9. Ne2 Na6 10. Qb3 O-O 11. O-O e5 12. dxe6 dxe6 13. Nf4 e5 14.
Nd5 Qd8 15. e4 f4 16. Qd1 b6 17. a3 Nc7 18. Rb1 Ne6 19. b4 g5 20. Nb3 cxb4 21.
axb4 Nd4 22. Nxd4 exd4 23. c5 Nf7 24. c6 Be6 25. Bc4 Qd6 26. b5 Bxd5 27. Bxd5 Kh8 28. Qb3 Ne5 29. Ba3 Qh6 30. Bxf8 Rxf8 31. c7 g4 32. Rbc1 gxf3 33. gxf3 Qg6+ 34. Kh1 Rc8 35. Be6 1-0

[Event "*** Titled Tuesday Blitz"]
[Site "Chess.com"]
[Date "2019.06.04"]
[Round "4"]
[White "ellennilssen"]
[Black "Chempiblinka"]
[Result "0-1"]
[WhiteElo "2047"]
[BlackElo "2213"]
[TimeControl "180+2"]
[EndTime "13:50:46 PDT"]
[Termination "Chempiblinka won by resignation"]

1. d4 Nf6 2. c4 c5 3. d5 e6 4. Nc3 exd5 5. cxd5 Bd6 6. e4 Qe7 7. Bd3 Bc7 8. Nge2 d6 9. O-O a6 10.
a4 O-O 11. Ra3 Nbd7 12. f4 Re8 13. Ng3 Nf8 14. h3 c4 15. Bxc4 Bb6+ 16. Kh1 Ng4 17.
Qf3 Qh4 18. Nd1 Bc5 19. Rd3 Bd7 20. b3 b5 21. axb5 axb5 22. Bxb5 Bxb5 23. Nf5 Qh5 24. Bb2 Bxd3 25. Qxd3 Nf6 26. g4 Qg6 27. g5 Rxe4 28.
Nh4 Qh5 29. gxf6 Qxh4 30. fxg7 Ng6 31. Bf6 Qxf6 32. Qxe4 Qd4 33. Qf3 Re8 34. Qg3 Qxd5+ 35. Kh2 Re2+ 36. Nf2 Qf5 37. Qf3 Rxf2+ 38. Rxf2 Bxf2 39.
Qxf2 Qxf4+ 40. Qxf4 Nxf4 41. b4 Nd5 42. b5 Kxg7 43.
Kg3 Kf6 0-1

[Event "*** Titled Tuesday Blitz"]
[Site "Chess.com"]
[Date "2019.06.04"]
[Round "4"]
[White "tbalabayev"]
[Black "BigAl"]
[Result "0-1"]
[WhiteElo "2350"]
[BlackElo "2374"]
[TimeControl "180+2"]
[EndTime "13:50:47 PDT"]
[Termination "BigAl won on time"]

1. Nf3 Nf6 2. g3 g6 3. Bg2 Bg7 4. O-O O-O 5. d3 d6 6. Nbd2 c5 7. e4 Nc6 8. Re1 Rb8 9. a4 a6 10. c3 b5 11. axb5 axb5 12. Qc2 b4 13. Nf1 bxc3 14.
bxc3 Nd7 15. Bd2 Bb7 16. Ne3 Ra8 17. Ng4 e6 18. Bh6 Nde5 19. Bxg7 Kxg7 20. Ne3 Nxf3+ 21. Bxf3 Ne5 22. Bg2 Ba6 23. Rad1 Rb8 24. d4 cxd4 25. cxd4 Nd7 26. f4 Qa5 27. f5 Rfc8 28. Qf2 exf5 29. exf5 Nf6 30. g4 g5 31. Ra1 Qb6 32. h4 h6 33. Nd5 Nxd5 34. Bxd5 Re8 35. f6+ Kf8 36.
hxg5 hxg5 37. Qd2 Re5 38. Rxa6 Rxe1+ 39. Qxe1 Qxd4+ 40. Kh2 Qxd5 0-1

[Event "*** Titled Tuesday Blitz"]
[Site "Chess.com"]
[Date "2019.06.04"]
[Round "4"]
[White "BillieKimbah"]
[Black "TigranLPetrosyan"]
[Result "0-1"]
[WhiteElo "2770"]
[BlackElo "2842"]
[TimeControl "180+2"]
[EndTime "13:50:48 PDT"]
[Termination "TigranLPetrosyan won by resignation"]

1. c4 e5 2. Nc3 Nc6 3. Nf3 f5 4. d4 e4 5. d5 exf3 6. dxc6 bxc6 7. exf3 Nf6 8. Bd3 g6 9. O-O c5 10. Re1+ Kf7 11. Bg5 Bb7 12. Qd2 h6 13. Bf4 Bg7 14. b4 cxb4 15. Nb5 Ne8 16. Qxb4 Bxa1 17. Rxa1 a6 18.
Nd4 Rb8 19. Re1 Be4 20. Qc3 Bxd3 21. Qxd3 Nf6 22. c5 Re8 23. Rd1 Qe7 24. Bxc7 Qe1+ 25. Qf1 Qxf1+ 26. Kxf1 Rb2 27. a3 Nd5 28. Bd6 Nc3 29.
Rc1 Ne2 30. Nxe2 Rexe2 0-1

[Event "*** Titled Tuesday Blitz"]
[Site "Chess.com"]
[Date "2019.06.04"]
[Round "4"]
[White "hellokostya"]
[Black "Muracle"]
[Result "0-1"]
[WhiteElo "2522"]
[BlackElo "2552"]
[TimeControl "180+2"]
[EndTime "13:50:50 PDT"]
[Termination "Muracle won by resignation"]

1. d4 Nf6 2. c4 g6 3. f3 e6 4. Nc3 Bg7 5. e4 d5 6. cxd5 exd5 7. e5 Nh5 8. Be3 Qh4+ 9. Bf2 Qd8 10. Nge2 Bh6 11. Qb3 c6 12. g4 Nf4 13.
Nxf4 Bxf4 14. h4 h5 15. Ne2 Bh6 16. g5 Bf8 17. O-O-O b5 18. Nf4 Nd7 19. e6 Nb6 20.
Re1 Bd6 21. exf7+ Kxf7 22. Bg3 Qc7 23. Qe3 Bf5 24. Ne6 Rae8 25. Nxc7 Rxe3 26. Bxd6 Rxe1+ 27.
Kd2 Rxf1 28. Rxf1 Nc4+ 29. Kc3 Nxd6 30. Na6 Re8 31. b3 Re2 32. a3 Nc8 33. Nc5 a5 34.
b4 Rc2+ 35. Kb3 a4+ 36. Nxa4 bxa4+ 37. Kxa4 Rc3 38. Ra1 Nd6 39. f4 Bd3 40. f5 gxf5 41.
g6+ Kxg6 42. Ka5 Rxa3+ 43. Rxa3 Nc4+ 0-1

[Event "*** Titled Tuesday Blitz"]
[Site "Chess.com"]
[Date "2019.06.04"]
[Round "4"]
[White "SoltaniciR"]
[Black "Swarnapuri"]
[Result "0-1"]
[WhiteElo "2595"]
[BlackElo "2707"]
[TimeControl "180+2"]
[EndTime "13:50:50 PDT"]
[Termination "Swarnapuri won by resignation"]

1. e4 Nc6 2. Nf3 d6 3. d4 Nf6 4. Nc3 Bg4 5. Bb5 a6 6. Bxc6+ bxc6 7. h3 Bh5 8. g4 Bg6 9. Qe2 e6 10. Bg5 Be7 11. O-O-O h6 12. Bxf6 Bxf6 13. h4 Qb8 14.
g5 Be7 15. h5 Bh7 16. Rhg1 hxg5 17. Nxg5 Qb4 18. a3 Qb6 19. Qc4 Rb8 20. b3 Bg8 21.
Qa4 Rxh5 22. f4 f6 23. Nf3 Ra5 24. Qb4 Qxb4 25. axb4 Ra1+ 26. Kd2 Rxd1+ 27. Nxd1 Rxb4 28. Rxg7 Bf7 29. Rh7 Bg6 30. Rh8+ Kd7 31. Nf2 a5 32. Ra8 Bh5 33. Ke3 Bxf3 34. Kxf3 Rxd4 35. Rxa5 d5 36. Ke3 Rb4 37. Ra8 Bc5+ 38. Kf3 Bxf2 39. Kxf2 Rxe4 0-1

[Event "*** Titled Tuesday Blitz"]
[Site "Chess.com"]
[Date "2019.06.04"]
[Round "4"]
[White "Bryakin_Mikhail"]
[Black "attack2mateU"]
[Result "1-0"]
[WhiteElo "2729"]
[BlackElo "2700"]
[TimeControl "180+2"]
[EndTime "13:50:51 PDT"]
[Termination "Bryakin_Mikhail won by resignation"]

1. d4 Nf6 2. c4 e6 3. g3 d5 4.
Bg2 dxc4 5. Nf3 Be7 6. O-O O-O 7. Qc2 a6 8. a4 Bd7 9. Qxc4 Bc6 10. Bg5 Nbd7 11. a5 Bd5 12. Qc2 c5 13. Nc3 cxd4 14. Nxd5 Nxd5 15. Bxe7 Qxe7 16. Nxd4 Rac8 17. Qb3 Nc5 18. Qa3 Qf6 19. e3 Rfd8 20. Rac1 Nd7 21. Qb3 Nc5 22. Qa3 Qe7 23. Rc4 b5 24. axb6 Nxb6 25. Rc2 Qf8 26. Rfc1 Ncd7 27. Qxa6 Rxc2 28. Rxc2 Qb4 29. h3 g6 30. Kh2 Re8 31. Rc7 e5 32. Nc6 Qd2 33. Qb7 e4 34. b4 h5 35. Nd4 Qxf2 36.
Rxd7 Nxd7 37. Qxd7 Rb8 38. Qd6 Rf8 39. Qf4 Qxf4 40.
gxf4 f5 41. Bf1 Rc8 42. b5 Rc3 43. b6 Rc8 44. b7 1-0

[Event "*** Titled Tuesday Blitz"]
[Site "Chess.com"]
[Date "2019.06.04"]
[Round "4"]
[White "TheBigBadChessDad"]
[Black "TristanCalistri"]
[Result "0-1"]
[WhiteElo "2160"]
[BlackElo "2262"]
[TimeControl "180+2"]
[EndTime "13:50:51 PDT"]
[Termination "TristanCalistri won by resignation"]

1. d4 Nf6 2. Nf3 b6 3. Bf4 Bb7 4. e3 g6 5. h3 Bg7 6. c3 c5 7. Nbd2 O-O 8. Bd3 d6 9. Qe2 cxd4 10. cxd4 Nc6 11. a3 e5 12. dxe5 dxe5 13. Bg5 Re8 14.
O-O h6 15. Bxf6 Qxf6 16. e4 Nd4 17. Nxd4 exd4 18. Rac1 Rac8 19. Rxc8 Rxc8 20. f4 Qe7 21.
e5 Re8 22. Be4 Bxe4 23. Nxe4 Qe6 24. Qd3 Rd8 25. Rd1 Bf8 26. g4 a5 27. Ng3 Qd5 28. Qe4 Qb3 29. Qg2 Qxd1+ 30. Kh2 d3 31. f5 d2 32. e6 Qe1 33. exf7+ Kxf7 34. fxg6+ Kxg6 35. Qc6+ Rd6 36. Qc2+ Kf7 37. Qh7+ Ke8 38. Nf5 d1=Q 0-1

[Event "*** Titled Tuesday Blitz"]
[Site "Chess.com"]
[Date "2019.06.04"]
[Round "4"]
[White "RU_B9"]
[Black "europa2012"]
[Result "0-1"]
[WhiteElo "2047"]
[BlackElo "2119"]
[TimeControl "180+2"]
[EndTime "13:50:51 PDT"]
[Termination "europa2012 won by resignation"]

1. c4 e5 2. Nc3 Nc6 3. e3 Bc5 4. Nf3 Nf6 5. d4 exd4 6. exd4 Bb4 7. Be2 O-O 8. O-O d6 9. h3 Bxc3 10. bxc3 h6 11. Rb1 Rb8 12. Qc2 Ne7 13. Bd3 c6 14. Bf4 Ra8 15. Rfe1 Re8 16. Qc1 Bf5 17. Bxf5 Nxf5 18.
Rxb7 Qc8 19. Qb1 Rxe1+ 20. Nxe1 g6 21. Nf3 Ne4 22. Rb3 d5 23. c5 Qe6 24. Qc1 Kh7 25. Ne5 g5 26. Be3 Nxc5 27. dxc5 Qxe5 28. Rb7 Qe6 29. Qc2 Kg7 30. Bd4+ Nxd4 31. cxd4 Re8 32.
Rxa7 Qe1+ 33. Kh2 Re4 34. g3 Re2 35. Rxf7+ Kxf7 36. Qf5+ Kg7 37. Qd7+ Re7 0-1

[Event "*** Titled Tuesday Blitz"]
[Site "Chess.com"]
[Date "2019.06.04"]
[Round "4"]
[White "Korchmar_Vasiliy"]
[Black "Ginger_GM"]
[Result "1-0"]
[WhiteElo "2781"]
[BlackElo "2542"]
[TimeControl "180+2"]
[EndTime "13:50:55 PDT"]
[Termination "Korchmar_Vasiliy won by resignation"]

1. d4 e6 2. c4 b6 3. e4 Bb7 4. Bd3 Bb4+ 5. Kf1 Bf8 6. Nc3 g6 7. h4 h6 8. Nge2 Bg7 9. Be3 Ne7 10. Qd2 d5 11. cxd5 exd5 12. e5 Bc8 13. Rc1 a6 14. Nf4 Be6 15. Nxe6 fxe6 16. Qc2 Nf5 17. Bxf5 gxf5 18.
Ne2 c6 19. Nf4 Qd7 20. h5 Rg8 21. Rh3 Bf8 22. Ng6 a5 23. a3 a4 24. Qd2 c5 25.
Bxh6 Bxh6 26. Qxh6 Nc6 27. dxc5 Nd4 28. c6 Nxc6 29.
Rxc6 Qxc6 30. Rc3 Qd7 31. Qc1 d4 32. Rc7 Qb5+ 33. Kg1 Qd5 34. Re7+ 1-0

[Event "*** Titled Tuesday Blitz"]
[Site "Chess.com"]
[Date "2019.06.04"]
[Round "4"]
[White "Denis_Palkovich"]
[Black "Kawhi_Leonard2"]
[Result "0-1"]
[WhiteElo "2234"]
[BlackElo "2252"]
[TimeControl "180+2"]
[EndTime "13:50:55 PDT"]
[Termination "Kawhi_Leonard2 won by checkmate"]

1. d4 Nf6 2. Bf4 e6 3. e3 d5 4.
Nd2 Bd6 5. Ngf3 O-O 6. Bd3 c5 7. c3 Nc6 8. Ne5 Qc7 9. Ndf3 Ne4 10. Nxc6 bxc6 11. Bxd6 Qxd6 12. Ne5 Rb8 13. f3 Nf6 14. Qc2 cxd4 15. exd4 c5 16. O-O cxd4 17. Rae1 dxc3 18.
bxc3 Ba6 19. Bxa6 Qxa6 20. Kh1 Rfc8 21. g4 Qa3 22. g5 Nh5 23. Qg2 Rxc3 24. Qg4 g6 25.
Qd4 Rc2 26. Ng4 Qb2 27. Nh6+ Kf8 28. Qxa7 Rxh2+ 29. Kg1 Qg2# 0-1